 Dungeon Crawl Stone Soup version 0.30-a0-737-gf23d94013f (webtiles) character file.

Game seed: 15902430063094324523

66 jimonade the Ducker (level 4, 0/38 HPs)
             Began as a Gnoll Gladiator on Feb 2, 2023.
             Succumbed to Crazy Yiuf's poison
             ... on level 2 of the Dungeon.
             The game lasted 00:03:23 (1684 turns).

jimonade the Ducker (Gnoll Gladiator)               Turns: 1684, Time: 00:03:24

Health: 0/38       AC:  5    Str: 14    XL:     4   Next: 15%
Magic:  5/5        EV: 14    Int:  9    God:
Gold:   38         SH:  0    Dex: 13    Spells: 5/5 levels left

rFire   + . .      SeeInvis .    a - +0 quarterstaff
rCold   . . .      Faith    .    (shield currently unavailable)
rNeg    . . .      Spirit   .    p - +0 leather armour
rPois   .          Reflect  .    c - +0 helmet
rElec   .          Harm     .    h - +0 cloak
rCorr   .          Rampage  .    (no gloves)
Will    .....                    (no boots)
Stlth   +                        (no amulet)
HPRegen 0.26/turn                t - ring of protection from fire
MPRegen 0.09/turn                (no ring)

@: lethally poisoned (0 -> -4)
A: fangs 1, strong nose, distributed training
a: no special abilities


You were on level 2 of the Dungeon.
You visited 1 branch of the dungeon, and saw 2 of its levels.

You collected 38 gold pieces.

Inventory:

Hand Weapons
 a - a +0 quarterstaff (weapon)
 b - a +0 sling
Missiles
 d - 3 throwing nets
 e - a javelin
 i - 27 stones (quivered)
Armour
 c - a +0 helmet (worn)
 h - a +0 cloak (worn)
 o - a scarf of invisibility
 p - a +0 leather armour (worn)
Jewellery
 t - a ring of protection from fire (left hand)
Scrolls
 g - 6 scrolls of identify {unknown}
 n - a scroll of fog {unknown}
 q - a scroll of brand weapon {unknown}
 s - a scroll of teleportation {unknown}
 u - a scroll of vulnerability {unknown}
Potions
 f - a potion of haste {unknown}
 j - a potion of cancellation {unknown}
 k - a potion of degeneration {unknown}
 l - a potion of might {unknown}
 m - a potion of magic {unknown}
 r - a potion of curing {unknown}


   Skills:
 + Level 4.6 Fighting
 + Level 1.1 Short Blades
 + Level 1.1 Long Blades
 + Level 1.1 Axes
 + Level 1.1 Maces & Flails
 + Level 1.1 Polearms
 + Level 6.6 Staves
 + Level 1.1 Ranged Weapons
 + Level 4.6 Throwing
 + Level 1.1 Armour
 + Level 6.6 Dodging
 + Level 1.1 Stealth
 + Level 1.1 Shields
 + Level 1.1 Unarmed Combat
 + Level 1.1 Spellcasting
 + Level 0.8 Conjurations
 + Level 0.8 Hexes
 + Level 0.8 Summonings
 + Level 0.8 Necromancy
 + Level 0.8 Translocations
 + Level 0.8 Transmutations
 + Level 0.8 Fire Magic
 + Level 0.8 Ice Magic
 + Level 0.8 Air Magic
 + Level 0.8 Earth Magic
 + Level 0.8 Poison Magic
 + Level 1.2 Invocations
 + Level 1.1 Evocations


You had 5 spell levels left.
You didn't know any spells.
Your spell library contained the following spells:

 Spells                   Type           Power      Damage    Failure   Level
 Apportation              Tloc           4%         N/A       32%         1
 Poisonous Vapours        Pois/Air       4%         N/A       43%         2
 Alistair's Intoxication  Tmut/Pois      1%         N/A       100%        5
 Enfeeble                 Hex            1%         N/A       100%        7


Dungeon Overview and Level Annotations

Branches:
Dungeon (2/15)

Altars:

Shops:
D:1 !=

Annotations:
D:2 Crazy Yiuf


Innate Abilities, Weirdness & Mutations

You have very sharp teeth.
Your uncanny sense of smell can sniff out nearby items.
Your experience applies equally to all skills.


Message History

There is a stone staircase leading up here.
Crazy Yiuf shouts!
As you open the door, it creaks loudly!
You hit Crazy Yiuf.
Crazy Yiuf is lightly wounded.
Crazy Yiuf hits you with a +4 quarterstaff of chaos!
You resist with some effort.
You closely miss Crazy Yiuf. You bite Crazy Yiuf, but do no damage.
Crazy Yiuf is lightly wounded.
Crazy Yiuf waves his quarterstaff at you.
Crazy Yiuf hits you with a +4 quarterstaff of chaos.
You hit Crazy Yiuf but do no damage.
Crazy Yiuf is lightly wounded.
Crazy Yiuf hits you with a +4 quarterstaff of chaos!
Crazy Yiuf burns you.
You sock Crazy Yiuf!
Crazy Yiuf is heavily wounded.
Crazy Yiuf hits you with a +4 quarterstaff of chaos!
* * * LOW HITPOINT WARNING * * *
You are lethally poisoned!
You barely miss Crazy Yiuf.
Crazy Yiuf is heavily wounded.
* * * LOW HITPOINT WARNING * * *
You feel very sick.
Crazy Yiuf grits, "Cod tea dark!"
Crazy Yiuf misses you.
You closely miss Crazy Yiuf.
Crazy Yiuf is heavily wounded.
* * * LOW HITPOINT WARNING * * *
You feel sick. Crazy Yiuf misses you.
You hit Crazy Yiuf. You bite Crazy Yiuf, but do no damage.
Crazy Yiuf is severely wounded.
* * * LOW HITPOINT WARNING * * *
You feel sick.
Crazy Yiuf hits you with a +4 quarterstaff of chaos.
* * * LOW HITPOINT WARNING * * *
Crazy Yiuf draws strength from your wounds!
You closely miss Crazy Yiuf.
Crazy Yiuf is severely wounded.
You die...

..# ####.# #.#
#.### #.#
#....# ###
#...# #.#
#.#### ######.#
#.# #.# #####
####......# #.#
#.# #)..#
#....###..# #.#
#.# #...#
###### #..# #.#
#.# ...
#######..# #.#
##.## #g#
#........#
#.###...####
♣@♣♣ #.#####.##
#.........)#
♣♣.♣ #.# #.###
#####...####
♣.♣♣ ##.# #....
##.##..# ♣♣.♣
#..# #..>.
#.##..# ♣♣.♣♣
########.###
#.##..# ♣♣.P.♣
#........#
#.##..# ♣.P.P♣
##########
#.....# #....#
####.######..##


You could see Crazy Yiuf.

Vanquished Creatures
  An adder (D:2)
  2 worms (D:2)
  2 dart slugs (D:1)
  An orc (D:2)
  8 bats
  4 endoplasms
  2 giant cockroaches
  5 goblins
  A hobgoblin (D:1)
  3 jackals (D:1)
  6 kobolds
  A quokka (D:1)
  4 ball pythons
  A frilled lizard (D:2)
  3 rats (D:1)
44 creatures vanquished.

Notes
Turn   | Place    | Note
-------+----------+-------------------------------------------
     0 | D:1      | jimonade the Gnoll Gladiator began the quest for the Orb.
     0 | D:1      | Reached XP level 1. HP: 20/20 MP: 1/1
    40 | D:1      | Found Istyust's Distillery.
   109 | D:1      | Reached XP level 2. HP: 26/26 MP: 2/2
   279 | D:1      | Found Faixium's Jewellery Boutique.
   456 | D:1      | Reached XP level 3. HP: 31/31 MP: 3/3
   584 | D:1      | Reached skill level 1 in Invocations
   869 | D:2      | Found a faded altar of an unknown god.
  1187 | D:2      | Reached skill level 1 in Short Blades
  1187 | D:2      | Reached skill level 1 in Long Blades
  1187 | D:2      | Reached skill level 1 in Axes
  1187 | D:2      | Reached skill level 1 in Maces & Flails
  1187 | D:2      | Reached skill level 1 in Polearms
  1187 | D:2      | Reached skill level 1 in Ranged Weapons
  1187 | D:2      | Reached skill level 1 in Armour
  1187 | D:2      | Reached skill level 1 in Stealth
  1187 | D:2      | Reached skill level 1 in Shields
  1187 | D:2      | Reached skill level 1 in Unarmed Combat
  1187 | D:2      | Reached skill level 1 in Spellcasting
  1187 | D:2      | Reached skill level 1 in Evocations
  1243 | D:2      | Reached XP level 4. HP: 38/38 MP: 5/5
  1306 | D:2      | Got Hatrezymn's Precepts of the Hapless Tincture
  1446 | D:2      | Found a runed translucent door.
  1447 | D:2      | Noticed Crazy Yiuf
  1683 | D:2      | HP: 1/38 [Crazy Yiuf/+4 quarterstaff of chaos (2)]
  1684 | D:2      | Succumbed to Crazy Yiuf's poison

Illustrated notes

Levels and vault maps discovered:
D:1:      matt_arrival_diagonals, layout_basic, serial_shops, shop, shop
D:2:      layout_loops_ring, ebering_ecumenical_altar_hall, minmay_between,
          uniq_crazy_yiuf_cottage

Skill      XL: |  1  2  3 |
---------------+----------+-----
Invocations    | 1 |  1.2
Short Blades   | 1 |  1.1
Long Blades    | 1 |  1.1
Axes           | 1 |  1.1
Maces & Flails | 1 |  1.1
Polearms       | 1 |  1.1
Ranged Weapons | 1 |  1.1
Armour         | 1 |  1.1
Stealth        | 1 |  1.1
Shields        | 1 |  1.1
Unarmed Combat | 1 |  1.1
Spellcasting   | 1 |  1.1
Evocations     | 1 |  1.1
Fighting       | |  4.6
Staves         | |  6.6
Throwing       | |  4.6
Dodging        | |  6.6
Conjurations   | |  0.8
Hexes          | |  0.8
Summonings     | |  0.8
Necromancy     | |  0.8
Translocations | |  0.8
Transmutations | |  0.8
Fire Magic     | |  0.8
Ice Magic      | |  0.8
Air Magic      | |  0.8
Earth Magic    | |  0.8
Poison Magic   | |  0.8

Action                     |  1- 3 |  4- 6 || total
---------------------------+-------+-------++-------
  Melee: Quarterstaff      |    82 |    24 ||   106
         Bite              |    11 |     4 ||    15
   Stab: Sleeping          |     1 |       ||     1
 Armour: Leather armour    |    16 |     1 ||    17
  Dodge: Dodged            |    68 |    10 ||    78

Table legend: (Time is in decaauts)
 A = Elapsed time spent in this place.
 B = Non-inter-level travel time spent in this place.
 C = Inter-level travel time spent in this place.
 D = Time resting spent in this place.
 E = Time spent auto-exploring this place.
 F = Levels seen in this place.
 G = Mean time per level.
                   A        B        C        D        E       F      G
               +--------+--------+--------+--------+--------+-----+--------+
         Total |   1680 |   1648 |     32 |      0 |   1341 |   2 |  840.0 |
       Dungeon |   1680 |   1648 |     32 |      0 |   1341 |   2 |  840.0 |
               +--------+--------+--------+--------+--------+-----+--------+

Top non-repeatable levels by time:
     D:2: 908 daAuts
     D:1: 772 daAuts
